 Dungeon Crawl Stone Soup version 0.28-b1-25-g9875b3fc8c (webtiles) character file.

Game seed: 14279685140160887675

928 sanka the Conjurer (level 7, 0/37 HPs)
             Began as a Deep Elf Transmuter on Feb 8, 2022.
             Slain by Edmund (11 damage)
             ... on level 5 of the Dungeon.
             The game lasted 00:12:44 (6683 turns).

sanka the Conjurer (Deep Elf Transmuter)            Turns: 6683, Time: 00:12:45

Health: 0/37       AC:  3    Str: 13    XL:     7   Next: 85%
Magic:  2/18       EV: 12    Int: 20    God:
Gold:   150        SH:  0    Dex: 15    Spells: 10/18 levels left

rFire   . . .      SeeInvis .   l - +2 trident (vamp)
rCold   . . .      Faith    +   (no shield)
rNeg    . . .      Spirit   .   a - +0 robe
rPois   .          Reflect  .   (no helmet)
rElec   .          Harm     .   (no cloak)
rCorr   .          Rampage  .   k - +0 pair of gloves
Will    .....                   (no boots)
Stlth   +.........              o - amulet of faith
HPRegen 0.12/turn               m - +6 ring of strength
MPRegen 0.16/turn               (no ring)

@: no status effects
A: no striking features
a: no special abilities


You were on level 5 of the Dungeon.
You visited 2 branches of the dungeon, and saw 6 of its levels.
You also visited: Sewer.

You collected 150 gold pieces.

Inventory:

Hand Weapons
 l - a +2 vampiric trident (weapon)
Armour
 a - a +0 robe (worn)
 k - a +0 pair of gloves (worn)
Magical Staves
 j - a staff of cold
Jewellery
 m - a +6 ring of strength (left hand)
 o - an amulet of faith (around neck)
Wands
 q - a wand of iceblast (6)
Scrolls
 b - 5 scrolls of identify {unknown}
 d - 2 scrolls of enchant weapon {unknown}
 g - a scroll of magic mapping {unknown}
 i - a scroll of holy word {unknown}
 s - a scroll of fear {unknown}
 u - a scroll of teleportation {unknown}
 x - 3 scrolls of vulnerability {unknown}
Potions
 c - a potion of attraction {unknown}
 e - a potion of cancellation {unknown}
 f - 4 potions of curing {unknown}
 h - 5 potions of heal wounds {unknown}
 n - 2 potions of might {unknown}
 p - a potion of flight {unknown}
 r - 2 potions of brilliance {unknown}
 t - a potion of haste {unknown}
 v - a potion of invisibility {unknown}
 w - 3 potions of magic {unknown}


   Skills:
 - Level 0.7 Fighting
 - Level 2.4 Dodging
 - Level 2.4 Unarmed Combat
 + Level 6.2 Spellcasting
 + Level 7.8 Conjurations
 - Level 4.0 Hexes
 - Level 2.1 Transmutations


You had 10 spell levels left.
You knew the following spells:

 Your Spells              Type           Power      Damage    Failure   Level
a - Beastly Appendage     Tmut           30%        N/A       4%          1
b - Magic Dart            Conj           100%       1d8       1%          1
c - Searing Ray           Conj           74%        2d7       1%          2
d - Fulminant Prism       Conj/Hex       14%        3d9       9%          4

Your spell library contained the following spells:

 Spells                   Type           Power      Damage    Failure   Level
 Wereblood                Tmut           15%        N/A       6%          2
 Animate Skeleton         Necr           12%        N/A       11%         1
 Apportation              Tloc           12%        N/A       11%         1
 Summon Small Mammal      Summ           24%        N/A       11%         1
 Spider Form              Tmut/Pois      10%        N/A       21%         3
 Ice Form                 Ice/Tmut       10%        N/A       54%         4


Dungeon Overview and Level Annotations

Branches:
Dungeon (5/15)             Temple (1/1) D:5           Sewer (visited)

Altars:
Ashenzari
Dithmenos
Elyvilon
Fedhas
Gozag
Hepliaklqana
Makhleb
Nemelex Xobeh
Okawaru
Sif Muna
Trog
Uskayaw
Wu Jian
Xom
Yredelemnul
The Shining One
Lugonu

Annotations:
D:4 1 runed translucent door, Akransas's ghost, amateur DDEn
D:5 Edmund


Message History

A fulminant prism comes into view.
Your fulminant prism crackles loudly.
Your fulminant prism explodes!
The blast of energy engulfs Edmund!
Edmund is heavily wounded.
Casting: Fulminant Prism (quite dangerous; 9% risk of failure)
Confirm with . or Enter, or press ? or * to list all spells.
Aiming: Searing Ray (safe; 1% risk of failure)
Press: ? - help, Shift-Dir - straight line, f - Edmund
Aim: Edmund, wielding a +3 flail of protection and wearing a +0 leather armour (heavily wounded, 81% to hit)
The searing ray hits Edmund but does no damage.
Edmund is heavily wounded. (Press . to maintain the ray.) Edmund asks, "Have you met my wondrous brother?"
The searing ray hits Edmund.
Edmund is severely wounded.
Edmund hits you with a +3 flail of protection!
The searing ray hits Edmund.
Edmund is severely wounded.
Edmund says, "People think my brother is the best.
I think he's crazy."
Edmund misses you.
The searing ray hits Edmund.
Edmund is almost dead.
You finish channelling your searing ray.
Edmund hits you with a +3 flail of protection!
Casting: Searing Ray (safe; 1% risk of failure)
Confirm with . or Enter, or press ? or * to list all spells.
Aiming: Searing Ray (safe; 1% risk of failure)
Press: ? - help, Shift-Dir - straight line, f/p - Edmund
Aim: Edmund, wielding a +3 flail of protection and wearing a +0 leather armour (almost dead, 81% to hit)
The searing ray hits Edmund but does no damage.
Edmund is almost dead. (Press . to maintain the ray.) Edmund hits you with a +3 flail of protection!
* * * LOW HITPOINT WARNING * * *
Unknown command.
The searing ray hits Edmund.
Edmund is almost dead.
Edmund hits you with a +3 flail of protection!
You die...

#..# ##⌠.⌠## #.. ##.#
##.>.## ### #.##
#####⌠.⌠##
######..####...###'###
#..............###.###
#..............# #.#
#..............###.#
#............# #.#.#
#..........@.# #...#
#..........@.# #.###
#............# #.#
#............# #)#
#............# #.#
#..(.........# #.#
#.........)..# #.#
###########.## #.#
#)## #.#


You could see Edmund.

Vanquished Creatures
  Prince Ribbit (D:5)
  3 scorpions
  A howler monkey (D:5)
  5 jellies
  3 orc priests
  An iguana (D:5)
  An orc wizard (D:5)
  Terence (D:2)
  3 gnolls (D:5)
  6 adders
  3 river rats (Sewer)
  A shadow imp (D:5)
  A white imp (D:5)
  An adder skeleton (D:4)
  A dart slug (D:2)
  8 orcs
  9 ball pythons
  3 bats
  11 endoplasms
  4 giant cockroaches
  6 goblins
  3 hobgoblins
  A jackal (D:2)
  4 quokkas
  10 frilled lizards
  5 kobolds
  A rat (D:2)
97 creatures vanquished.

Vanquished Creatures (others)
  3 fulminant prisms (D:5)
3 creatures vanquished.

Grand Total: 100 creatures vanquished

Notes
Turn   | Place    | Note
-------+----------+-------------------------------------------
     0 | D:1      | sanka the Deep Elf Transmuter began the quest for the Orb.
     0 | D:1      | Reached XP level 1. HP: 11/11 MP: 6/6
   406 | D:1      | Reached XP level 2. HP: 14/16 MP: 7/9
   408 | D:1      | Learned a level 1 spell: Magic Dart
   411 | D:1      | Learned a level 2 spell: Searing Ray
  1041 | D:1      | Found a faded altar of an unknown god.
  1056 | D:1      | Reached skill level 1 in Conjurations
  1771 | D:2      | Reached skill level 2 in Conjurations
  1771 | D:2      | Reached XP level 3. HP: 20/20 MP: 4/10
  1912 | D:2      | Noticed Terence
  2177 | D:2      | Killed Terence
  2178 | D:2      | Reached skill level 3 in Conjurations
  2535 | D:2      | Reached XP level 4. HP: 15/24 MP: 7/12
  3129 | D:3      | Reached skill level 4 in Conjurations
  3654 | D:3      | Reached XP level 5. HP: 28/28 MP: 9/13
  4159 | D:4      | Found an opulent altar of Gozag.
  4171 | D:4      | Found a runed translucent door.
  4177 | D:4      | Noticed Akransas's ghost (amateur DDEn)
  4233 | D:4      | Reached skill level 5 in Conjurations
  4350 | D:4      | Reached skill level 6 in Conjurations
  4350 | D:4      | Reached XP level 6. HP: 33/33 MP: 8/14
  4452 | D:4      | Found a basalt altar of Yredelemnul.
  5123 | D:5      | Entered Level 5 of the Dungeon
  5138 | D:5      | Found a staircase to the Ecumenical Temple.
  5143 | Temple   | Entered the Ecumenical Temple
  5284 | D:5      | Found a broken altar of Ashenzari.
  5292 | D:5      | Found an iron altar of Okawaru.
  5292 | D:5      | Found a burning altar of Makhleb.
  5292 | D:5      | Found a shimmering altar of Xom.
  5303 | D:5      | Found a glowing golden altar of the Shining One.
  5533 | D:5      | Found a glowing drain.
  5538 | Sewer    | Entered a sewer
  5563 | Sewer    | Learned a level 4 spell: Fulminant Prism
  5663 | Sewer    | Reached skill level 1 in Hexes
  5931 | Sewer    | Found a viscous altar of Jiyva.
  6130 | Sewer    | Reached XP level 7. HP: 37/37 MP: 10/15
  6258 | D:5      | Reached skill level 7 in Conjurations
  6400 | D:5      | Noticed Prince Ribbit
  6407 | D:5      | Killed Prince Ribbit
  6408 | D:5      | Reached skill level 5 in Spellcasting
  6651 | D:5      | Noticed Edmund
  6683 | D:5      | Slain by Edmund

Illustrated notes

Levels and vault maps discovered:
D:1:      mrwooster_arrival_statue, layout_basic,
          chequers_ecumenical_altar_twisty,
          nicolae_concentric_dashed_squares_wild
D:2:      minmay_door_path, layout_rooms, uniq_terence
D:3:      minmay_wonky_spiral, layout_rooms, kennysheep_small_spiral,
          minmay_curled_crystal
D:4:      layout_basic, grunt_gozag_statues, mainiacjoe_overflow_alcove_1,
          ebering_ghost_sewer_d, nicolae_concentric_dashed_squares_mild
D:5:      layout_basic, grunt_temple_overflow_open, temple_doors_ab,
          portal_sewer_entry_e, uniq_blork_the_orc, uniq_edmund,
          uniq_prince_ribbit1
Temple:   kb_corrupted_temple

Skill      XL: |  1  2  3  4  5  6  7 |
---------------+----------------------+-----
Spellcasting   | 4 6 |  6.2
Conjurations   | 2 3 4 6 7 |  7.8
Hexes          | 4 |  4.0
Fighting       | |  0.7
Dodging        | |  2.4
Unarmed Combat | |  2.4
Transmutations | |  2.1

Action                   |  1- 3 |  4- 6 |  7- 9 || total
-------------------------+-------+-------+-------++-------
Melee: Unarmed           |    17 |       |       ||    17
       Headbutt          |     4 |       |       ||     4
       Kick              |     3 |       |       ||     3
       Punch             |     3 |       |       ||     3
       Trident           |       |       |     1 ||     1
 Cast: Beastly Appendage |     4 |       |       ||     4
       Magic Dart        |    62 |    88 |    13 ||   163
       Searing Ray       |     1 |    16 |    10 ||    27
       Fulminant Prism   |       |       |     3 ||     3
Armor: Robe              |     3 |     2 |       ||     5
Dodge: Dodged            |    20 |    19 |     8 ||    47
